AoeStats
← MIGAPULS94

Arabia

505714862Analyzed
1v1 RM · 22d ago on Sep 10, 2026· 18m 50s· 2 players
Game mode
Random Map
Map size
Tiny (2 player)
Population
200
Speed
Normal
Resources
Standard
Victory
Conquest
Starting age
Dark Age
Ending age
Imperial Age
RankedLock teamsTeams togetherTeam positionsShared explorationLock speedFull tech treeHidden civsTurbo modeCheats
Victory
Defeat
🇫🇷 Franks · France
906
+14
🇦🇷 Persians · Argentina
860
-35
Pickmass
10:03 Feudal Age
10:16 Man-at-Arms
11:34 Wheelbarrow
11:07 Double-Bit Axe
11:20 Man-at-Arms
16:57 Loom
MIGAPULS94
13:09 Feudal Age
14:35 Wheelbarrow
Connection lost

Rejoining the realm…

Still unreachable

The connection could not be restored.

Session expired

The server has moved on; the page needs a fresh start.